 Dungeon Crawl Stone Soup version 0.32-a0-41-gec2d92a32c (webtiles) character file.

Game seed: 8378557391279740264

37480 Dirtsage the Mimic (level 13, 0/106 HPs)
             Began as an Octopode Shapeshifter on Jan 26, 2024.
             Was a High Priest of the Shining One.
             Slain by a blink frog (3 damage)
             ... while petrified by a basilisk
             ... on level 5 of the Lair of Beasts.
             The game lasted 00:39:35 (16544 turns).

Dirtsage the Mimic (Octopode Shapeshifter)         Turns: 16544, Time: 00:39:35

Health: 0/106      AC: 11    Str: 24    XL:     13   Next: 97%
Magic:  18/18      EV:  1    Int: 13    God:    the Shining One [*****.]
Gold:   1167       SH:  0    Dex: 16    Spells: 8/12 levels left

rFire   + .          .
                       - Unarmed
rCold   . . .        (shield currently unavailable)
rNeg    + + +        (helmet currently unavailable)
rPois   ∞            o - amulet of reflection
rElec   .            f - +4 ring of slaying
rCorr   .            F - ring of protection from fire
SInv    .            G - +6 ring of strength
Will    .....        (no ring)
Stlth   +            (no ring)
HPRegen 0.37/turn    (no ring)
MPRegen 0.16/turn    (no ring)
                     (no ring)

%: reflection
@: snake-form, petrified, glowing
A: constrict, boosted hp, almost no armour, amphibious, 8 rings, large,
(camouflage 1), (gelatinous body 1), (nimble swimmer 1), (tentacles)
a: Begin Untransformation, Renounce Religion, Divine Shield, Cleansing Flame,
Summon Divine Warrior


You were on level 5 of the Lair of Beasts.
You worshipped the Shining One.
The Shining One was extremely pleased with you.
You were an enormous serpent.
You visited 3 branches of the dungeon, and saw 16 of its levels.
You also visited: Ossuary.

You collected 1257 gold pieces.
You spent 90 gold pieces at shops.

Inventory:

Missiles
 L - 10 curare-tipped darts (quivered)
Armour
 m - a +2 hat of see invisible
Magical Staves
 K - a staff of earth
Jewellery
 f - a +4 ring of slaying (left tentacle)
 o - an amulet of reflection (around neck)
 F - a ring of protection from fire (right tentacle)
 G - a +6 ring of strength (on tentacle)
 P - a ring of poison resistance
Talismans
 r - a blade talisman
 u - a maw talisman
 J - a serpent talisman (active)
Wands
 v - a wand of flame (38)
 w - a wand of acid (1)
 E - a wand of roots (8)
 H - a wand of charming (7)
 Q - a wand of polymorph (5)
Scrolls
 c - 3 scrolls of enchant weapon
 d - a scroll of amnesia
 g - 2 scrolls of fear
 n - a scroll of silence
 p - 5 scrolls of vulnerability
 q - 3 scrolls of revelation
 t - 5 scrolls of teleportation
 x - 3 scrolls of summoning
 y - 8 scrolls of fog
 B - a scroll of blinking
 N - 2 scrolls of enchant armour
Potions
 a - 6 potions of lignification
 b - 2 potions of haste {unknown}
 e - 2 potions of might {unknown}
 h - 8 potions of curing {unknown}
 j - a potion of mutation
 k - 2 potions of cancellation {unknown}
 l - 2 potions of heal wounds
 s - 2 potions of invisibility {unknown}
 z - 2 potions of attraction
 A - a potion of ambrosia
 C - 2 potions of berserk rage {unknown}
 D - a potion of enlightenment {unknown}
 I - a potion of degeneration {unknown}
 O - a potion of resistance {unknown}
 R - 4 potions of brilliance {unknown}
Miscellaneous
 M - a sack of spiders


   Skills:
 + Level 8.5 Fighting
 + Level 8.6 Dodging
 * Level 11.7 Unarmed Combat
 + Level 8.0 Alchemy
 + Level 7.0 Invocations
 * Level 13.6 Shapeshifting


You had 8 spell levels left.
You knew the following spells:

 Your Spells              Type           Power      Damage    Failure   Level
a - Olgreb's Toxic Radia  Alch           21%        N/A       12%         4

Your spell library contained the following spells:

 Spells                   Type           Power      Damage    Failure   Level
 Sting                    Conj/Alch      40%        1d5       6%          1
 Apportation              Tloc           0%         N/A       30%         1
 Kiss of Death            Conj/Necr      0%         2d5       30%         1
 Magic Dart               Conj           0%         1d3       30%         1
 Necrotise                Necr           0%         1d4       30%         1
 Shock                    Conj/Air       0%         1d3       30%         1
 Summon Small Mammal      Summ           0%         N/A       30%         1
 Blink                    Tloc           0%         N/A       43%         2
 Call Imp                 Summ           0%         N/A       43%         2
 Leda's Liquefaction      Alch/Erth      5%         N/A       52%         4
 Petrify                  Alch/Erth      10%        N/A       52%         4
 Confusing Touch          Hex            0%         N/A       67%         3
 Frozen Ramparts          Ice            0%         1d1       67%         3
 Swiftness                Air            0%         N/A       67%         3
 Airstrike                Air            0%         2d(0-16)  97%         4
 Dispel Undead            Necr           0%         3d6       97%         4
 Metabolic Englaciation   Hex/Ice        0%         N/A       100%        5
 Ozocubu's Refrigeration  Ice            0%         4d7       100%        7
 Discord                  Hex            0%         N/A       100%        8


Dungeon Overview and Level Annotations

Branches:
Dungeon (10/15)            Temple (1/1) D:6            Lair (5/5) D:10
  Swamp (0/4) Lair:3        Snake (0/4) Lair:2        Slime (0/5) Lair:4
Ossuary (visited)
    Orc: D:9-12

Altars:
Ashenzari
Cheibriados
Dithmenos
Elyvilon
Fedhas
Gozag
Hepliaklqana
Kikubaaqudgha
Makhleb
Nemelex Xobeh
Okawaru
Qazlal
Ru
Sif Muna
Trog
Uskayaw
Vehumet
Wu Jian
Xom
Yredelemnul
Zin
The Shining One

Shops:
D:8 *

Portals:
Abyss: D:7

Annotations:
D:7 2 transporters, AceOff's ghost, novice TrSh
Lair:4 exclusion: 3 oklob plants


Innate Abilities, Weirdness & Mutations

You are an enormous serpent.
You have a powerful constriction melee attack.
Your maximum health is increased.
Your armour is entirely melded.
You are incapable of wielding weapons or throwing items.
You cannot wear most types of armour.
You are amphibious.
You can wear up to eight rings at the same time.
((Your skin changes colour to match your surroundings (Stealth+).))
((Your rubbery body absorbs attacks. (AC +1, EV +1)))
((You are camouflaged when in or above water. (Stealth+)))
((You have tentacles for arms and can constrict up to eight enemies at once.))


Message History

A swamp drake and a blink frog come into view.
The blink frog croaks.
A blink frog comes into view. x2
The swamp drake breathes poison at you.
You have turned to stone.
The blink frog gives a loud, deep croak!
The blink frog croaks.
A blink frog comes into view.
The blink frog blinks!
A blink frog comes into view.
The blink frog gives a loud, deep croak! x2
The blink frog hits you.
The blink frog blinks!
The blink frog blinks!
The blink frog hits you but does no damage.
The blink frog hits you.
The blink frog blinks!
The blink frog hits you!
* * * LOW HITPOINT WARNING * * *
The blink frog hits you but does no damage.
The blink frog completely misses you.
The swamp drake bites you but does no damage.
The blink frog hits you but does no damage.
The blink frog hits you!
* * * LOW HITPOINT WARNING * * *
The blink frog blinks!
The blink frog hits you.
* * * LOW HITPOINT WARNING * * *
The blink frog blinks! x2; The blink frog hits you!
* * * LOW HITPOINT WARNING * * *
The swamp drake bites you!
* * * LOW HITPOINT WARNING * * *
The blink frog hits you.
* * * LOW HITPOINT WARNING * * *
The blink frog blinks!
The blink frog hits you but does no damage.
The blink frog hits you!
* * * LOW HITPOINT WARNING * * *
The swamp drake bites you.
* * * LOW HITPOINT WARNING * * *
The blink frog hits you.
You die...

##.......P#
##P.....####
###..<.....#
##.......####
#P.......#
##......##
###......P#
##F.....#..#
#SF§...#.###
##§k....###
##.F....##
###..F...#.#
#.......####
##....F.##
.#..^...##
........##
.........##


You could see 5 blink frogs and a swamp drake.

Vanquished Creatures
  Gastronok (D:9)
  2 hydras
  Fannar (D:10)
  A catoblepas (Lair:3)
  A two-headed ogre (D:9)
  2 thrashing horrors (Lair:5)
  Nergalle (Lair:3)
  Amaemon (D:10)
  A large abomination (Lair:5)
  3 skysharks
  A bog body (Lair:3)
  A lindwurm (Lair:4)
  Pikel (D:8)
  An ugly thing (Lair:5)
  Maurice (D:9)
  A moth of wrath (shapeshifter) (Lair:5)
  2 smoke demons (Lair:5)
  4 elephants (Lair:1)
  6 black mambas
  An orange demon (D:9)
  6 cane toads
  8 komodo dragons
  2 rime drakes (Lair:4)
  Psyche (D:8)
  6 dream sheep (Lair:5)
  14 blink frogs
  2 polar bears
  2 raiju (Lair:5)
  Sigmund (D:4)
  A ynoxinul (Lair:5)
  13 yaks
  A shadow (D:7)
  A spriggan (Lair:3)
  4 wyverns
  Eustachio (D:6)
  5 basilisks
  Menkaure (D:7)
  A steam dragon (D:8)
  A vampire mosquito (Lair:5)
  3 chaos spawn (Lair:5)
  10 small abominations (Lair:5)
  10 water moccasins
  Duvessa (D:4)
  2 orc warriors
  4 ice beasts
  4 black bears
  A sky beast (D:8)
  8 wolves
  2 ogres
  7 centaurs
  3 phantoms
  2 lemures (D:8)
  4 kobold brigands
  Blork the orc (D:6)
  An elf zombie (Ossuary)
  10 bullfrogs
  A gnoll sergeant (D:4)
  4 scorpions
  8 wights
  Dowan (D:4)
  4 killer bees (D:9)
  4 howler monkeys (D:10)
  A bombardier beetle (D:3)
  4 jellies
  12 orc priests
  3 hounds
  A gnoll bouda (D:5)
  3 sleepcaps (D:6)
  Jessica (D:2)
  3 iguanas
  9 orc wizards
  5 scorpion zombies (Ossuary)
  4 hell rats (Lair:4)
  3 mummies (Ossuary)
  Robin (D:2)
  2 adders
  11 gnolls
  6 river rats (Lair:4)
  A shadow imp (D:6)
  4 white imps
  4 ufetubi
  2 adder zombies (Ossuary)
  3 ribbon worms (D:4)
  A dart slug (D:3)
  35 orcs
  2 bats (D:1)
  4 endoplasms
  4 giant cockroaches
  12 goblins
  6 hobgoblins
  4 jackals (D:1)
  22 kobolds
  4 quokkas
  7 ball pythons
  A frilled lizard (D:2)
  4 gnoll zombies (Ossuary)
  4 jackal zombies (Ossuary)
  A kobold zombie (Ossuary)
  7 rats
400 creatures vanquished.

Vanquished Creatures (others)
  A rat (Lair:4)
1 creature vanquished.

Grand Total: 401 creatures vanquished

Notes
Turn   | Place    | Note
-------+----------+-------------------------------------------
     0 | D:1      | Dirtsage the Octopode Shapeshifter began the quest for the
                  | Orb.
     0 | D:1      | Reached XP level 1. HP: 13/13 MP: 1/1
   271 | D:1      | Reached XP level 2. HP: 15/18 MP: 2/2
   858 | D:2      | Reached XP level 3. HP: 12/23 MP: 3/3
  1052 | D:2      | Noticed Robin
  1072 | D:2      | Killed Robin
  1346 | D:2      | Reached XP level 4. HP: 29/29 MP: 4/4
  1793 | D:2      | Noticed Jessica
  1807 | D:2      | Killed Jessica
  1908 | D:3      | Reached skill level 4 in Shapeshifting
  1908 | D:3      | Reached XP level 5. HP: 22/34 MP: 5/5
  2247 | D:3      | Found a hide-covered altar of Uskayaw.
  2250 | D:3      | Found a white marble altar of Elyvilon.
  2257 | D:3      | Found a glowing silver altar of Zin.
  2262 | D:3      | Found a stormy altar of Qazlal.
  2360 | D:3      | Became a worshipper of Elyvilon the Healer
  2369 | D:3      | Found an iron altar of Okawaru.
  2503 | D:4      | Noticed Dowan
  2739 | D:4      | Noticed Duvessa
  2757 | D:4      | Killed Duvessa
  2758 | D:4      | Reached XP level 6. HP: 41/41 MP: 6/6
  2762 | D:4      | Killed Dowan
  2819 | D:4      | Reached skill level 5 in Shapeshifting
  2964 | D:4      | Reached XP level 7. HP: 31/46 MP: 7/7
  3058 | D:4      | Reached * piety under Elyvilon
  3107 | D:4      | Found a broken altar of Ashenzari.
  3220 | D:4      | Noticed Sigmund
  3226 | D:4      | Killed Sigmund
  3227 | D:4      | Reached skill level 6 in Shapeshifting
  3456 | D:4      | Reached skill level 7 in Shapeshifting
  3791 | D:4      | Reached XP level 8. HP: 13/52 MP: 8/8
  4282 | D:4      | Reached skill level 8 in Shapeshifting
  4359 | D:5      | Entered Level 5 of the Dungeon
  4594 | D:5      | Reached ** piety under Elyvilon
  4701 | D:5      | Identified the +1 leather armour of the Other World {rC+
                  | rCorr}
  4827 | D:5      | Reached skill level 9 in Shapeshifting
  5373 | D:6      | Reached XP level 9. HP: 56/56 MP: 9/9
  5420 | D:6      | Learned a level 4 spell: Olgreb's Toxic Radiance
  5420 | D:6      | Noticed Blork the orc
  5433 | D:6      | Killed Blork the orc
  5594 | D:6      | Found a sand-covered staircase.
  5610 | Ossuary  | Entered an ossuary
  5684 | Ossuary  | Reached skill level 1 in Alchemy
  5742 | Ossuary  | Reached *** piety under Elyvilon
  5782 | Ossuary  | Reached skill level 5 in Unarmed Combat
  6142 | D:6      | Reached skill level 10 in Shapeshifting
  6178 | D:6      | Found a staircase to the Ecumenical Temple.
  6184 | Temple   | Entered the Ecumenical Temple
  6290 | D:6      | Noticed Eustachio
  6321 | D:6      | Killed Eustachio
  6613 | D:7      | Reached XP level 10. HP: 64/65 MP: 10/10
  6711 | D:7      | Found a transporter.
  6722 | D:7      | Noticed AceOff's ghost (novice TrSh)
  6763 | D:7      | Found a one-way gate to the infinite horrors of the Abyss.
  6768 | D:7      | Found a transporter.
  6944 | D:7      | Noticed Menkaure
  6951 | D:7      | Killed Menkaure
  7194 | D:7      | Reached **** piety under Elyvilon
  7233 | D:7      | Reached skill level 5 in Dodging
  7432 | D:8      | Noticed Pikel
  7445 | D:8      | Killed Pikel
  7642 | D:8      | Found Hauw Ryo's Changing Room.
  7651 | D:8      | Bought a potion of lignification for 45 gold pieces
  7651 | D:8      | Bought a potion of lignification for 45 gold pieces
  7792 | D:8      | Noticed Psyche
  7796 | D:8      | Killed Psyche
  7797 | D:8      | Reached skill level 5 in Fighting
  7949 | D:8      | Found a glowing golden altar of the Shining One.
  7953 | D:8      | Noticed an angel
  7958 | D:8      | Fell from the grace of Elyvilon
  7958 | D:8      | Became a worshipper of the Shining One
  7958 | D:8      | Reached * piety under the Shining One
  7958 | D:8      | Reached ** piety under the Shining One
  8280 | D:8      | Found a basalt altar of Yredelemnul.
  8356 | D:9      | Noticed Maurice
  8363 | D:9      | Maurice stole 295 gold
  8365 | D:9      | Killed Maurice
  8366 | D:9      | Reached skill level 1 in Invocations
  8621 | D:9      | Noticed Gastronok
  8639 | D:9      | Noticed a two-headed ogre
  8641 | D:9      | Killed Gastronok
  8642 | D:9      | Reached skill level 11 in Shapeshifting
  8642 | D:9      | Reached XP level 11. HP: 48/72 MP: 12/12
  8885 | D:9      | Found a bloodstained altar of Trog.
  8907 | D:9      | Killed a two-headed ogre
  9515 | D:10     | Entered Level 10 of the Dungeon
  9573 | D:10     | Noticed Amaemon
  9581 | D:10     | Killed Amaemon
  9582 | D:10     | Reached skill level 5 in Alchemy
  9612 | D:10     | Found a staircase to the Lair.
  9994 | D:10     | Noticed Fannar
 10087 | D:10     | Killed Fannar
 10120 | D:10     | Reached *** piety under the Shining One
 10546 | Lair:1   | Entered Level 1 of the Lair of Beasts
 10895 | Lair:1   | Reached XP level 12. HP: 65/80 MP: 11/15
 10897 | Lair:1   | Reached skill level 12 in Shapeshifting
 11643 | Lair:1   | Noticed a seven-headed hydra
 11649 | Lair:1   | Killed a seven-headed hydra
 12116 | Lair:2   | Reached skill level 5 in Invocations
 12154 | Lair:2   | You fall into a shaft and drop 1 floor!
 12155 | Lair:3   | Noticed Nergalle
 12167 | Lair:3   | Killed Nergalle
 12227 | Lair:2   | Reached skill level 10 in Unarmed Combat
 12533 | Lair:2   | Found a staircase to the Snake Pit.
 12691 | Lair:2   | Found a sacrificial altar of Ru.
 13715 | Lair:3   | Found a staircase to the Swamp.
 13822 | Lair:3   | Noticed a skyshark
 13830 | Lair:3   | Killed a skyshark
 13831 | Lair:3   | Reached XP level 13. HP: 86/86 MP: 9/17
 14009 | Lair:3   | Reached **** piety under the Shining One
 14424 | Lair:4   | Reached skill level 13 in Shapeshifting
 14921 | Lair:4   | Identified the +3 dagger of Xanujep {pain, +Blink rF++
                  | Will+ rCorr}
 15054 | Lair:4   | Identified the +1 orcbow "Killer Bee's Foe" {elec, +Blink}
 15055 | Lair:4   | Found a staircase to the Slime Pits.
 15618 | Lair:5   | Entered Level 5 of the Lair of Beasts
 16036 | Lair:5   | Reached ***** piety under the Shining One
 16543 | Lair:5   | HP: 4/106 [blink frog (5)]
 16544 | Lair:5   | Slain by a blink frog

Illustrated notes

Levels and vault maps discovered:
D:1:      psy_arrival_spokes, layout_loops_ring
D:2:      layout_basic, uniq_robin, uniq_jessica
D:3:      layout_rooms, okawaru_ov_weapons_minmay,
          nicolae_overflow_macrodata_refinement
D:4:      layout_basic, ashenzari_conservatory_becter, st_stairs_1,
          nicolae_grassy_gnolls, uniq_duvessa, uniq_sigmund
D:5:      layout_gridville
D:6:      layout_loops_ring, minmay_temple_entry_tees, enter_ossuary_3,
          uniq_eustachio, uniq_blork_the_orc
D:7:      layout_loops_ring, gammafunk_ghost_abyssal_escape,
          chequers_mini_garden, grunt_ministairs_2, minivault_22,
          corner_web_ring, uniq_menkaure
D:8:      layout_basic, grunt_temple_overflow_holy_war, serial_glass,
          glass_columns_c, glass_columns_b, glass_columns_a, glass_columns_a,
          glass_columns_c, glass_columns_c, nicolae_transmutations_shop,
          uniq_psyche, uniq_pikel
D:9:      layout_irregular_city, lightli_temple_of_fire, serial_bayou_pond_e,
          uniq_gastronok, uniq_maurice
D:10:     layout_rooms, erik_lair_orcish_takeover, hangedman_glass_teeth,
          uniq_amaemon, uniq_fannar
Temple:   nicolae_temple_ecumenical_triangle
Lair:1:   layout_roguey, serial_rivers, chequers_serial_rivers_marsh,
          chequers_serial_rivers_micro_a, chequers_serial_rivers_large_a,
          chequers_serial_rivers_room_b, chequers_serial_rivers_micro_a,
          chequers_serial_rivers_micro_d
Lair:2:   layout_gridlike, dummy_snake_entry, lemuel_centaur_altar,
          serial_bayou_shore_b
Lair:3:   layout_chaotic_city, skrybe_swamp_entry_bodies,
          grunt_forest_large_clearing_hut, uniq_nergalle
Lair:4:   layout_cave_pods, minmay_slime_entry_oklob_open,
          kennysheep_abandoned_house
Lair:5:   hellmonk_lair_end_abyssal_woods, layout_hall_layers, pond,
          lemuel_fruit_tree, lemuel_fruit_fields, serial_bayou_shore_a

Skill      XL: |  1  2  3  4  5  6  7  8  9 10 11 12 13 |
---------------+----------------------------------------+-----
Fighting       | 2 3 4 5 6 7 8 |  8.5
Shapeshifting  | 4 5 7 9 10 11 12 13 | 13.6
Dodging        | 3 4 5 6 7 8 |  8.6
Unarmed Combat | 4 6 7 9 10 11 | 11.7
Alchemy        | 2 4 5 6 8 |  8.0
Invocations    | 2 4 5 7 |  7.0

Action                     |  1- 3 |  4- 6 |  7- 9 | 10-12 | 13-15 || total
---------------------------+-------+-------+-------+-------+-------++-------
  Melee: Unarmed           |    62 |    55 |   255 |   398 |   201 ||   971
         Constrict         |    12 |    14 |    63 |   102 |    61 ||   252
         Tentacles         |    10 |    11 |    15 |       |       ||    36
         Punch             |     2 |     2 |     7 |       |       ||    11
   Cast: Olgreb's Toxic Ra |       |       |       |     5 |     9 ||    14
 Invoke: Divine Shield     |       |       |       |     4 |     2 ||     6
  Evoke: Wand              |       |     1 |     5 |     5 |       ||    11
    Use: Scroll            |       |       |    11 |     4 |     6 ||    21
         Potion            |       |       |       |     2 |     1 ||     3
   Stab: Sleeping          |     5 |     1 |     3 |     1 |       ||    10
         Distracted        |       |     1 |       |       |       ||     1
 Armour: Skin              |    27 |    17 |    97 |   255 |   149 ||   545
  Dodge: Dodged            |    32 |    23 |    80 |   172 |    73 ||   380
  Block: Other             |       |     3 |    42 |    82 |    36 ||   163
         Reflection        |       |       |     1 |    12 |       ||    13
   Form: Serpent           |       |       |     1 |       |       ||     1

Table legend: (Time is in decaauts)
 A = Elapsed time spent in this place.
 B = Non-inter-level travel time spent in this place.
 C = Inter-level travel time spent in this place.
 D = Time resting spent in this place.
 E = Time spent auto-exploring this place.
 F = Levels seen in this place.
 G = Mean time per level.
                   A        B        C        D        E       F      G
               +--------+--------+--------+--------+--------+-----+--------+
         Total |  16417 |  15825 |    592 |    428 |  12750 |  17 |  965.7 |
       Dungeon |  10214 |   9728 |    486 |    220 |   7831 |  10 | 1021.4 |
        Temple |      1 |      1 |      0 |      0 |      0 |   1 |    1.0 |
          Lair |   5929 |   5823 |    106 |    179 |   4790 |   5 | 1185.8 |
       Ossuary |    271 |    271 |      0 |     29 |    129 |   1 |  271.0 |
               +--------+--------+--------+--------+--------+-----+--------+

Top non-repeatable levels by time:
     D:4: 1704 daAuts
  Lair:1: 1512 daAuts
  Lair:4: 1308 daAuts
  Lair:3: 1227 daAuts
     D:9: 1152 daAuts
     D:2: 1132 daAuts
     D:8: 1022 daAuts
  Lair:2: 981 daAuts
    D:10: 955 daAuts
     D:7: 918 daAuts
  Lair:5: 899 daAuts
     D:5: 889 daAuts
     D:6: 873 daAuts
     D:3: 843 daAuts
     D:1: 722 daAuts
